 Dungeon Crawl Stone Soup version 0.29-a0-243-g602b31c20e (webtiles) character file.

Game seed: 4989855741817680966

7 xMax the Grave Robber (level 2, 0/15 HPs)
             Began as a Gargoyle Necromancer on Mar 4, 2022.
             Slain by a ball python (1 damage)
             ... on level 1 of the Dungeon.
             The game lasted 00:09:16 (331 turns).

xMax the Grave Robber (Gargoyle Necromancer)         Turns: 331, Time: 00:09:17

Health: 0/15       AC:  4    Str: 11    XL:     2   Next: 4%
Magic:  5/5        EV:  9    Int: 15    God:
Gold:   10         SH:  0    Dex: 10    Spells: 4/5 levels left

rFire   . . .      SeeInvis .   c - +0 quarterstaff
rCold   . . .      Faith    .   (shield currently unavailable)
rNeg    + . .      Spirit   .   a - +0 robe
rPois   ∞          Reflect  .   (no helmet)
rElec   +          Harm     .   (no cloak)
rCorr   .          Rampage  .   (no gloves)
Will    .....                   (no boots)
Stlth   ++........              (no amulet)
HPRegen 0.05/turn               (no ring)
MPRegen 0.09/turn               (no ring)

@: constricted
A: sickness immunity, AC +2, negative energy resistance 1, electricity
resistance, torment resistance 1, petrification resistance
a: no special abilities


You were on level 1 of the Dungeon.
You visited 1 branch of the dungeon, and saw 1 of its levels.

You collected 10 gold pieces.

Inventory:

Hand Weapons
 c - a +0 quarterstaff (weapon)
Armour
 a - a +0 robe (worn)
Potions
 b - 2 potions of invisibility


   Skills:
 + Level 1.6 Dodging
 + Level 2.4 Stealth
 + Level 2.0 Spellcasting
 + Level 3.5 Necromancy


You had 4 spell levels left.
You knew the following spells:

 Your Spells              Type           Power      Damage    Failure   Level
a - Pain                  Necr           48%        1d6       5%          1

Your spell library contained the following spells:

 Spells                   Type           Power      Damage    Failure   Level
 Animate Skeleton         Necr           24%        N/A       5%          1
 Vampiric Draining        Necr           12%        2d6       16%         3
 Animate Dead             Necr           6%         N/A       45%         4
 Agony                    Necr           12%        N/A       82%         5


Dungeon Overview and Level Annotations

Branches:
Dungeon (1/15)

Altars:

Shops:
D:1 [


Innate Abilities, Weirdness & Mutations

You are immune to sickness and miasma.
Your stone body is resilient. (AC +2)
You are immune to poison.
You resist negative energy. (rN+)
You are resistant to electric shocks. (rElec)
You are resistant to unholy torment.
You are immune to petrification.


Message History

The ball python bites you but does no damage.
The ball python constricts you.
You hit the frilled lizard.
You kill the frilled lizard!
The ball python barely misses you. The ball python constricts you.
You barely miss the ball python. The ball python barely misses you.
The ball python constricts you.
The ball python bites you but does no damage.
The ball python constricts you.
You closely miss the ball python.
The ball python bites you but does no damage.
The ball python constricts you.
The hobgoblin hits you but does no damage.
You barely miss the ball python. The ball python barely misses you.
The ball python constricts you.
The hobgoblin hits you but does no damage.
The ball python bites you. The ball python constricts you.
The dart slug launches a dart at you. The slug dart hits you.
You closely miss the ball python. The hobgoblin completely misses you.
The ball python completely misses you. The ball python constricts you.
A frilled lizard comes into view.
The dart slug launches a dart at you. The slug dart hits you.
* * * LOW HITPOINT WARNING * * *
The hobgoblin hits you.
* * * LOW HITPOINT WARNING * * *
The frilled lizard hisses angrily.
You hit the dart slug.
The dart slug is moderately wounded.
The ball python closely misses you. The ball python constricts you.
The ball python completely misses you. The ball python constricts you.
The hobgoblin hits you but does no damage.
The dart slug bites you but does no damage.
You completely miss the dart slug.
The dart slug is moderately wounded.
The bat hits you.
* * * LOW HITPOINT WARNING * * *
The ball python bites you.
You die...

########
###...S.†#
...l..g@.#
##.####w.#
#b.##############
#...............#
#.#####.#.....#.#
.... #.#######.#
...#..
#.#.....#.#
b.w##..
#.#.#†#.#.# ..#
#..# #...#.#...#


You could see a dart slug, a hobgoblin, a bat, a ball python and a frilled
lizard.

Vanquished Creatures
  A dart slug (D:1)
  A bat (D:1)
  A quokka (D:1)
  A frilled lizard (D:1)
  2 rats (D:1)
6 creatures vanquished.

Notes
Turn   | Place    | Note
-------+----------+-------------------------------------------
     0 | D:1      | xMax the Gargoyle Necromancer began the quest for the Orb.
     0 | D:1      | Reached XP level 1. HP: 10/10 MP: 3/3
   125 | D:1      | Found Lytwemui's Antique Armour Shop.
   321 | D:1      | Reached XP level 2. HP: 14/15 MP: 5/5
   331 | D:1      | Slain by a ball python

Illustrated notes

Levels and vault maps discovered:
D:1:      dpeg_arrival_simpleton_a, layout_rooms, serial_shops, shop,
          nicolae_shop_hallway_stairs, shop, nicolae_shop_window_shopping,
          minmay_misc_feat_ornament, minmay_nonomino_d4

Action                   || total
-------------------------++-------
Melee: Unarmed           ||    10
       Quarterstaff      ||    12
  Use: Scroll            ||     2
Armor: Robe              ||    13
Dodge: Dodged            ||    20

Table legend: (Time is in decaauts)
 A = Elapsed time spent in this place.
 B = Non-inter-level travel time spent in this place.
 C = Inter-level travel time spent in this place.
 D = Time resting spent in this place.
 E = Time spent auto-exploring this place.
 F = Levels seen in this place.
 G = Mean time per level.
                   A        B        C        D        E       F      G
               +--------+--------+--------+--------+--------+-----+--------+
         Total |    333 |     81 |    252 |      0 |      0 |   1 |  333.0 |
       Dungeon |    333 |     81 |    252 |      0 |      0 |   1 |  333.0 |
               +--------+--------+--------+--------+--------+-----+--------+

Top non-repeatable levels by time:
     D:1: 333 daAuts
